 Dungeon Crawl Stone Soup version 0.23.2-33-g5129a83184 (webtiles) character file.

Game seed: 2983021299198332360

561 psyvane the Grave Robber (level 7, -2/57 HPs)
             Began as a Ghoul Necromancer on July 3, 2019.
             Slain by a centaur (4 damage)
             ... on level 5 of the Dungeon.
             The game lasted 00:35:30 (5799 turns).

psyvane the Grave Robber (Ghoul Necromancer)        Turns: 5799, Time: 00:35:30

Health: -2/57      AC:  6    Str: 10 (12) XL:     7   Next: 31%
Magic:  1/11       EV: 12    Int:  9 (12) God:
Gold:   275        SH:  0    Dex:  8 (9)  Spells: 1/13 levels left

rFire    . . .     SeeInvis .   h - +2 dagger (speed)
rCold    + . .     Gourm    .   (no shield)
rNeg     + + +     Faith    .   a - +0 robe
rPois    ∞         Spirit   .   i - +2 helmet
rElec    .         Reflect  .   (no cloak)
rCorr    .         Harm     .   m - +0 pair of gloves
MR       .....                  (no boots)
Stlth    ++........             (no amulet)
HPRegen  0.00/turn              (no ring)
MPRegen  0.12/turn              (no ring)

@: flying, very slightly contaminated, rotting
A: rotting body, claws 1, carnivore, cold resistance 1, negative energy
resistance 3, inhibited regeneration, torment resistance, unbreathing
a: no special abilities


You were on level 5 of the Dungeon.
You were not hungry.

You visited 1 branch of the dungeon, and saw 5 of its levels.

You collected 275 gold pieces.

Inventory:

Hand Weapons
 h - a +2 dagger of speed (weapon)
Armour
 a - a +0 robe (worn)
 i - a +2 helmet (worn)
 m - a +0 pair of gloves (worn)
Jewellery
 j - an uncursed ring of magical power {unknown}
Scrolls
 e - a scroll of amnesia
 o - a scroll of magic mapping
 p - a scroll of identify
Comestibles
 c - 12 rations


   Skills:
 * Level 3.4 Fighting
 * Level 3.3 Dodging
 - Level 2.1 Stealth
 - Level 3.5 Spellcasting
 - Level 0.5 Charms
 - Level 6.0 Necromancy


You had one spell level left.
You knew the following spells:

 Your Spells              Type           Power        Failure   Level  Hunger
a - Pain                  Necr           ##..         2%          1    #......
b - Animate Skeleton      Necr           N/A          2%          1    #......
c - Regeneration          Chrm/Necr      #.........   22%         3    ###....
d - Vampiric Draining     Necr           ##........   8%          3    ###....
e - Animate Dead          Necr           N/A          24%         4    #####..

Your spell library contained the following spells:

 Spells                   Type           Power        Failure   Level  Hunger


Dungeon Overview and Level Annotations

Branches:
Dungeon (5/15)
 Temple: D:4-7

Altars:

Annotations:
D:3 Paps's ghost, amateur DsAK
D:4 Blork the orc; Menkaure; Pikel; Robin


Innate Abilities, Weirdness & Mutations

Your body is rotting away.
You thrive on raw meat.
You are immune to poison.
You have sharp fingernails.
You are carnivorous and can eat meat at any time.
Your flesh is cold resistant. (rC+)
You are immune to negative energy. (rN+++)
You do not regenerate when monsters are visible.
You are immune to unholy pain and torment.
You can survive without breathing.


Message History

The centaur barely misses you. The centaur closely misses you.
The centaur barely misses you. The centaur hits you.
* * * LOW HITPOINT WARNING * * *
The centaur completely misses you. The centaur barely misses you.
Casting: Regeneration (safe; 22% risk of failure)
Confirm with . or Enter, or press ? or * to list all spells.
You miscast Regeneration.
You are very lightly contaminated with residual magic.
Your skin tingles.
The centaur hits you.
* * * LOW HITPOINT WARNING * * *
The centaur closely misses you. The centaur hits you!
* * * LOW HITPOINT WARNING * * *
Sorry, you're not good enough to have a special ability.
You already know all available spells.
The centaur hits you.
You die...

.......# #.......# ......##
#.......## .......# ##...#....# #
.......# ##....##...## ##
.......###......#....## ##.
#......#.........#....# ##..
#...........##....#...## ###...
##........#####........#####.....
##......### ##@...............#
##.....## ##c.............##
.....### ##....######...# .....#
#p..## ##..## #...## ##..#
####...# ##..# #..# ##.##...#
##... #.###..####.####..# #....
#.......#.## #.... #.....
##........#####...


You could see a slave and a centaur.

Vanquished Creatures
  An ice beast (D:5)
  2 scorpions (D:5)
  A howler monkey (D:4)
  An orc priest (D:5)
  A hound (D:5)
  2 orc wizards
  An iguana (D:3)
  6 adders
  A gnoll (D:1)
  A shadow imp (D:5)
  An ooze (D:1)
  4 worms
  2 dart slugs
  A leopard gecko (D:3)
  9 orcs
  4 giant cockroaches
  9 goblins
  5 hobgoblins
  10 jackals
  3 quokkas
  2 ball pythons
  6 bats
  5 frilled lizards
  4 kobolds
  7 rats
89 creatures vanquished.

Vanquished Creatures (collateral kills)
  An adder (D:2)
  A dart slug (D:1)
  2 orcs (D:3)
  A giant cockroach (D:3)
  A hobgoblin (D:1)
  A jackal (D:2)
  A frilled lizard (D:2)
  A rat (D:3)
9 creatures vanquished.

Grand Total: 98 creatures vanquished

Notes
Turn   | Place    | Note
-------+----------+-------------------------------------------
     0 | D:1      | psyvane the Ghoul Necromancer began the quest for the Orb.
     0 | D:1      | Reached XP level 1. HP: 14/14 MP: 2/2
     8 | D:1      | Learned a level 1 spell: Animate Skeleton
   227 | D:1      | Reached XP level 2. HP: 11/19 MP: 0/3
  1103 | D:1      | Reached XP level 3. HP: 11/26 MP: 0/5
  1611 | D:2      | Learned a level 3 spell: Regeneration
  1682 | D:2      | Reached skill level 5 in Necromancy
  1807 | D:2      | Reached XP level 4. HP: 33/33 MP: 4/6
  2888 | D:3      | Reached XP level 5. HP: 37/38 MP: 1/8
  3346 | D:3      | Learned a level 3 spell: Vampiric Draining
  3495 | D:3      | Found a runed translucent door.
  3502 | D:3      | Noticed Paps's ghost (amateur DsAK)
  4054 | D:4      | Noticed Robin
  4380 | D:4      | Noticed Pikel
  4412 | D:4      | Noticed Blork the orc
  4436 | D:4      | Reached XP level 6. HP: 28/44 MP: 0/10
  4772 | D:3      | Reached skill level 6 in Necromancy
  4778 | D:3      | Learned a level 4 spell: Animate Dead
  4876 | D:4      | Noticed Menkaure
  4898 | D:5      | Entered Level 5 of the Dungeon
  5148 | D:5      | Reached skill level 1 in Fighting
  5303 | D:5      | HP: 2/48 [orc priest/divine providence (12)]
  5657 | D:5      | Noticed an ice beast
  5672 | D:5      | Noticed an ice beast
  5683 | D:5      | Killed an ice beast
  5683 | D:5      | Reached XP level 7. HP: 55/55 MP: 3/11
  5796 | D:5      | HP: 2/57 [centaur (7)]
  5799 | D:5      | Slain by a centaur

Skill      XL: |  1  2  3  4  5  6 |
---------------+-------------------+-----
Spellcasting   | 2 3 |  3.5
Necromancy     | 5 6 |  6.0
Fighting       | 3 |  3.4
Dodging        | 3 |  3.3
Stealth        | |  2.1
Charms         | |  0.5

Action                   |  1- 3 |  4- 6 |  7- 9 || total
-------------------------+-------+-------+-------++-------
Melee: Unarmed           |     7 |       |       ||     7
       Dagger            |    16 |   117 |       ||   133
 Cast: Pain              |    52 |   175 |     7 ||   234
       Animate Skeleton  |     9 |    32 |       ||    41
       Regeneration      |       |     2 |     1 ||     3
       Vampiric Draining |       |     4 |     1 ||     5
  Use: Scroll            |     5 |     4 |       ||     9
       Potion            |       |     3 |     5 ||     8
  Eat: Chunk             |     8 |    21 |       ||    29
Armor: Robe              |     4 |    50 |     4 ||    58
Dodge: Dodged            |    17 |   104 |    22 ||   143
